cohdb
Replays
Latest Replays
All Replays
Popular Replays
Top Player Replays
Match Explorer
How It Works
Community
CoH3 Stats
Reddit
Sign in to upload your games and track your stats! →
Sign in with Steam
Match 41503910
Unlisted
Match 41503910
Overview
Messages
Build Orders
End
Vickers Machine Gun Team
Construct Section Command Post
Selects Heavy Armor Battlegroup
Infantry Section
Royal Engineer Section
Dingo Light Scout Car
Vickers Machine Gun Team
Construct Platoon Command Post
Selects Engineer Detachments
Construct Field Infirmary
6-pounder Anti-tank Gun Team
Selects Forward Repair Assembly
Humber Armored Car
Royal Engineer Section
Grenade Package
6-pounder Anti-tank Gun Team
DIV 250 BigBoss
AshCo Dismas
0
0
Comments
sign in to comment!
No comments posted yet!